 Dungeon Crawl Stone Soup version 0.29-a0-284-gf9362112df (webtiles) character file.

Game seed: 1534761123623205539

676 Dabor the Cudgeller (level 7, -8/44 HPs)
             Began as a Gargoyle Gladiator on Mar 14, 2022.
             Was a Follower of Makhleb.
             Mangled by an ancient zyme (9 damage)
             ... on level 1 of the Abyss.
             The game lasted 00:07:52 (5040 turns).

Dabor the Cudgeller (Gargoyle Gladiator)            Turns: 5040, Time: 00:07:53

Health: -8/44      AC: 13    Str: 19 (20) XL:     7   Next: 59%
Magic:  7/7        EV: 12    Int:  6 (8)  God:    Makhleb [*.....]
Gold:   167        SH:  0    Dex: 10 (11) Spells: 6/6 levels left

rFire   + . .      SeeInvis .   w - +3 flail (protect)
rCold   + . .      Faith    .   (no shield)
rNeg    + . .      Spirit   .   b - +0 leather armour
rPois   ∞          Reflect  .   p - +1 helmet
rElec   +          Harm     .   A - +0 cloak
rCorr   +          Rampage  .   (no gloves)
Will    .....                   q - +0 pair of boots
Stlth   +.........              l - amulet of regeneration
HPRegen 0.94/turn               (no ring)
MPRegen 0.10/turn               (no ring)

@: mighty, brilliant, resistant, unable to read
A: sickness immunity, AC +4, negative energy resistance 1, electricity
resistance, torment resistance 1, petrification resistance, iridescent scales 1,
inability to read while threatened
a: Renounce Religion


You were on level 1 of the Abyss.
You worshipped Makhleb.
Makhleb was aware of your devotion.
You visited 1 branch of the dungeon, and saw 5 of its levels.
You visited the Abyss 1 time.

You collected 167 gold pieces.

Inventory:

Hand Weapons
 a - a +0 flail
 w - a +3 flail of protection (weapon)
Missiles
 c - 6 boomerangs (quivered)
 d - 2 throwing nets
 e - a javelin
 i - 3 atropa-tipped darts
 u - 6 poisoned darts
Armour
 b - a +0 leather armour (worn)
 p - a +1 helmet (worn)
 q - a +0 pair of boots (worn)
 r - an orb of mayhem
 A - a +0 cloak (worn)
Jewellery
 l - an amulet of regeneration (around neck)
 y - an amulet of magic regeneration
Scrolls
 j - a scroll of noise
 s - a scroll of identify
Potions
 k - a potion of mutation
 x - a potion of brilliance


   Skills:
 + Level 4.8 Fighting
 + Level 5.0 Maces & Flails
 + Level 4.0 Throwing
 + Level 4.1 Dodging


You had 6 spell levels left.
You didn't know any spells.
Your spell library contained the following spells:

 Spells                   Type           Power      Damage    Failure   Level
 Beastly Appendage        Tmut           0%         N/A       52%         1
 Corpse Rot               Necr/Air       0%         N/A       65%         2
 Wereblood                Tmut           0%         N/A       65%         2
 Spider Form              Tmut/Pois      0%         N/A       87%         3
 Dispel Undead            Necr           0%         3d6       99%         4
 Death Channel            Necr           0%         N/A       100%        6


Dungeon Overview and Level Annotations

Branches:
Dungeon (5/15)             Temple (0/1) D:4

Altars:
Cheibriados
Makhleb


Innate Abilities, Weirdness & Mutations

You are immune to sickness and miasma.
Your stone body is resilient. (AC +4)
You are immune to poison.
You resist negative energy. (rN+)
You are resistant to electric shocks. (rElec)
You are resistant to unholy torment.
You are immune to petrification.
You are partially covered in iridescent scales. (AC +2)
You sometimes lose the ability to read scrolls when taking damage.


Message History

* * * LOW HITPOINT WARNING * * *
You feel better.
The shadow slips into darkness.
The shadow flickers and vanishes!
Deactivating autopickup; reactivate with Ctrl-A.
An ancient zyme comes into view.
It was a potion of cancellation.
Your magical effects are unravelling.
You feel magically purged.
You feel your willpower return.
The shadow strikes at you from the darkness!
* * * LOW HITPOINT WARNING * * *
Reactivating autopickup.
It was a potion of mutation.
You feel extremely strange.
You lose the ability to read scrolls when threatened.
Iridescent scales grow over part of your body.
The shadow barely misses you.
It was a potion of heal wounds.
You feel much better. The shadow hits you!
You feel threatened and lose the ability to read scrolls!
The shadow attacks as you move away! The shadow hits you!
* * * LOW HITPOINT WARNING * * *
The shadow attacks as you move away! The shadow hits you.
It was a potion of resistance.
You feel protected. The shadow barely misses you.
It was a potion of might.
You feel very mighty all of a sudden. The shadow hits you!
* * * LOW HITPOINT WARNING * * *
It was a potion of brilliance.
You feel clever all of a sudden. The shadow hits you.
* * * LOW HITPOINT WARNING * * *
It was a potion of degeneration.
There was something very wrong with that liquid.
You feel weakened.
You feel dopey.
You feel clumsy. The shadow hits you.
* * * LOW HITPOINT WARNING * * *
The ancient zyme hits you!
You die...

## # #. ##.. ##.
...# #.#..##. #
##@.#... .≈.. ###
###W#x.#
......#.......##...
... ..#.#...#x#
...#
#...##.#.#.#..# ###
###.#......#....#
.##. ##.#.#.#..#
.#..#....#..#. #..
..# ....# #. .## .


You could see an ancient zyme and a shadow (weak-willed).

Vanquished Creatures
  A water moccasin (D:5)
  A phantom (D:5)
  A necrophage (D:4)
  Crazy Yiuf (D:4)
  A jelly (D:4)
  3 hounds
  3 orc priests
  An iguana (D:3)
  An orc wizard (D:4)
  5 adders
  A worm (D:3)
  2 dart slugs
  13 orcs
  5 ball pythons
  5 endoplasms
  2 giant cockroaches (D:1)
  8 goblins
  4 hobgoblins
  3 kobolds
  2 quokkas (D:3)
  6 bats
  2 frilled lizards
  3 rats
74 creatures vanquished.

Vanquished Creatures (others)
  An orc wizard (D:4)
1 creature vanquished.

Grand Total: 75 creatures vanquished

Notes
Turn   | Place    | Note
-------+----------+-------------------------------------------
     0 | D:1      | Dabor the Gargoyle Gladiator began the quest for the Orb.
     0 | D:1      | Reached XP level 1. HP: 12/12 MP: 1/1
   263 | D:1      | Reached XP level 2. HP: 18/18 MP: 2/2
   901 | D:2      | Found a burning altar of Makhleb.
   932 | D:2      | Became a worshipper of Makhleb the Destroyer
   939 | D:2      | Reached XP level 3. HP: 22/22 MP: 3/3
  1299 | D:2      | Found a faded altar of an unknown god.
  1557 | D:2      | Reached XP level 4. HP: 27/27 MP: 4/4
  2615 | D:3      | Found a snail-covered altar of Cheibriados.
  3213 | D:3      | Reached * piety under Makhleb
  3316 | D:3      | Reached XP level 5. HP: 32/32 MP: 5/5
  3832 | D:4      | Reached skill level 4 in Maces & Flails
  4010 | D:4      | Reached XP level 6. HP: 38/38 MP: 6/6
  4103 | D:4      | Found a staircase to the Ecumenical Temple.
  4327 | D:4      | Found a runed translucent door.
  4328 | D:4      | Noticed Crazy Yiuf
  4794 | D:4      | Killed Crazy Yiuf
  4821 | D:5      | Entered Level 5 of the Dungeon
  4842 | D:5      | Noticed a water moccasin
  4856 | D:5      | Killed a water moccasin
  4857 | D:5      | Reached XP level 7. HP: 44/44 MP: 7/7
  4943 | D:5      | Reached skill level 5 in Maces & Flails
  4948 | D:5      | Cast into level 1 of the Abyss (orc warrior)
  4988 | Abyss:1  | Noticed a smoke demon
  4992 | Abyss:1  | Noticed a shadow
  5030 | Abyss:1  | Noticed an ancient zyme
  5032 | Abyss:1  | Gained mutation: You sometimes lose the ability to read
                  | scrolls when taking damage. [potion of mutation]
  5032 | Abyss:1  | Gained mutation: You are partially covered in iridescent
                  | scales. (AC +2) [potion of mutation]
  5039 | Abyss:1  | HP: 1/44 [shadow (4)]
  5040 | Abyss:1  | Mangled by an ancient zyme

Illustrated notes

Levels and vault maps discovered:
D:1:      minmay_arrival_split_and_join, layout_loops_ring, patterned_corridor
D:2:      layout_basic, dreamdust_ecumenical_altar_hidden_monk_grotto,
          basic_altar
D:3:      layout_basic, slow_altar_1, corexii_corridor_pit, grunt_decor_cap,
          minmay_quadrilaterals
D:4:      layout_layer_cave, minmay_temple_entry_slanted,
          kennysheep_generic_room_7, uniq_crazy_yiuf_cottage
D:5:      layout_rooms, makhleb_altar_promises_db
Abyss:1:  base: Temple, guppyfry_abyss_exit_imp_island

Skill      XL: |  1  2  3  4  5  6  7 |
---------------+----------------------+-----
Throwing       | 2 3 4 |  4.0
Fighting       | 3 4 |  4.8
Dodging        | 3 4 |  4.1
Maces & Flails | 4 5 |  5.0

Action                   |  1- 3 |  4- 6 |  7- 9 || total
-------------------------+-------+-------+-------++-------
Melee: Flail             |    82 |   185 |    42 ||   309
       Punch             |     3 |     2 |     2 ||     7
Throw: Throwing net      |       |     1 |       ||     1
       Boomerang         |       |     3 |     7 ||    10
  Use: Potion            |       |       |    10 ||    10
       Scroll            |       |       |     4 ||     4
 Stab: Held in net/web   |       |     1 |       ||     1
Armor: Leather armour    |    37 |   100 |    41 ||   178
Dodge: Dodged            |    56 |   116 |    28 ||   200

Table legend: (Time is in decaauts)
 A = Elapsed time spent in this place.
 B = Non-inter-level travel time spent in this place.
 C = Inter-level travel time spent in this place.
 D = Time resting spent in this place.
 E = Time spent auto-exploring this place.
 F = Levels seen in this place.
 G = Mean time per level.
                   A        B        C        D        E       F      G
               +--------+--------+--------+--------+--------+-----+--------+
         Total |   5103 |   4925 |    178 |    246 |   3787 |   6 |  850.5 |
       Dungeon |   5011 |   4833 |    178 |    246 |   3784 |   5 | 1002.2 |
         Abyss |     91 |     91 |      0 |      0 |      3 |   1 |   91.0 |
               +--------+--------+--------+--------+--------+-----+--------+

Top non-repeatable levels by time:
     D:3: 1649 daAuts
     D:4: 1254 daAuts
     D:2: 1101 daAuts
     D:1: 870 daAuts
     D:5: 135 daAuts
 Abyss:1: 91 daAuts
